 Dungeon Crawl Stone Soup version 0.31-a0-703-gcfe89afef6 (webtiles) character file.

Game seed: 55437977525176288

377735 jlumianski the Warmonger (level 21, -16/182 HPs)
             Began as a Demonspawn Fighter on Sept 7, 2023.
             Was a High Priest of Okawaru.
             Hit by a large rock thrown by a stone giant (26 damage)
             ... on level 4 of the Vaults on Sept 9, 2023.
             The game lasted 05:22:41 (45855 turns).

jlumianski the Warmonger (Demonspawn Fighter)      Turns: 45855, Time: 05:22:41

Health: -16/182    AC: 41    Str: 21    XL:     21   Next: 48%
Magic:  0/25       EV: 10    Int:  9    God:    Okawaru [*****.]
Gold:   3730       SH: 28    Dex: 39    Spells: 20/20 levels left

rFire   + . .        p - +4 quick blade of Okawaru {flame, rC+}
rCold   + . .        t - +2 tower shield {rN+}
rNeg    + + .        D - +15 plate armour of the Flute {MP-9 Dex+8 Stlth+}
rPois   .            R - +0 helmet of Debubut {rElec rC- Regen+}
rElec   +            i - scarf of Untruth {rC+ rF+, rN+ Dex+4 Stlth+}
rCorr   .            y - +0 pair of fencer's gloves {Riposte Dex+3}
SInv    .            (boots unavailable)
Will    +....        d - amulet of the acrobat
Stlth   +++++        s - +4 ring of protection
HPRegen 1.30/turn    Y - +6 ring of dexterity
MPRegen 0.38/turn

%: acrobat, guardian spirit
@: studying Short Blades
A: hooves 3, rugged brown scales 3, ignite blood 3, magic shield, magic
regeneration, corrupting presence 1, weak 1, evolution 1
}: 3/15 runes: decaying, abyssal, gossamer
a: Renounce Religion, Heroism, Finesse, Duel


You were on level 4 of the Vaults.
You worshipped Okawaru.
Okawaru was extremely pleased with you.
You visited 7 branches of the dungeon, and saw 36 of its levels.
You visited the Abyss 1 time.
You also visited: Trove.

You collected 3730 gold pieces.

Inventory:

Hand Weapons
 p - the +4 quick blade of Okawaru (weapon) {flame, rC+}
   (Okawaru gifted it to you on level 4 of the Swamp)

   rC+:       It protects you from cold.
Missiles
 e - 45 poisoned darts
 v - 2 throwing nets
 w - 3 datura-tipped darts
 G - 4 curare-tipped darts
 I - 32 boomerangs (quivered)
 N - 6 silver javelins
Armour
 h - the +3 pair of gloves of Isyloor {Contam Will+++ MP+9 Str-2}
   (You found it on level 5 of the Lair of Beasts)

   Str-2:     It affects your strength (-2).
   Will+++:   It greatly increases your willpower.
   MP+9:      It affects your magic capacity (+9).
   Contam:    It causes magical contamination when unequipped.
 i - the scarf of Untruth (worn) {rC+ rF+, rN+ Dex+4 Stlth+}
   (Okawaru gifted it to you on level 1 of the Lair of Beasts)

   Dex+4:     It affects your dexterity (+4).
   rN+:       It protects you from negative energy.
   Stlth+:    It makes you more stealthy.
 n - a +0 kite shield of reflection
 t - a +2 tower shield of positive energy (worn)
 u - the +7 Kryia's mail coat {PotionHeal*2 rC+}
   (Okawaru gifted it to you on level 4 of the Vaults)

   PotionHeal*2: Potions heal its wearer twice as much.
   rC+:       It protects you from cold.
 y - the +0 pair of fencer's gloves (worn) {Riposte Dex+3}
   (You found it in a treasure trove)

   Riposte:   It allows the wearer to riposte with melee weapons, swiftly
   retaliating against missed or blocked melee attacks.
   Dex+3:     It affects your dexterity (+3).
 D - the +15 plate armour of the Flute (worn) {MP-9 Dex+8 Stlth+}
   (You found it in a treasure trove)

   Dex+8:     It affects your dexterity (+8).
   MP-9:      It affects your magic capacity (-9).
   Stlth+:    It makes you more stealthy.
 R - the +0 helmet of Debubut (worn) {rElec rC- Regen+}
   (Okawaru gifted it to you on level 5 of the Lair of Beasts)

   rC-:       It makes you vulnerable to cold.
   rElec:     It insulates you from electricity.
   Regen+:    It increases your rate of health regeneration.
Jewellery
 d - an amulet of the acrobat (around neck)
 g - a ring of see invisible
 q - a ring of poison resistance
 s - a +4 ring of protection (left hand)
 z - a ring of flight
 B - a ring of protection from fire
 H - a ring of resist corrosion
 Y - a +6 ring of dexterity (right hand)
Wands
 a - a wand of acid (8)
 E - a wand of digging (23)
 L - a wand of roots (19)
 M - a wand of flame (55)
 T - a wand of paralysis (54)
 Z - a wand of mindburst (8)
Scrolls
 b - 4 scrolls of fog
 j - a scroll of silence
 m - 7 scrolls of teleportation
 o - a scroll of poison
 r - 12 scrolls of fear
 P - a scroll of revelation
 S - a scroll of blinking
Potions
 c - 5 potions of attraction
 f - 6 potions of curing
 k - a potion of berserk rage
 l - a potion of resistance
 x - 2 potions of heal wounds
 J - a potion of enlightenment
 O - 5 potions of haste
 U - 7 potions of might
 X - a potion of invisibility
Miscellaneous
 Q - a lightning rod (4/4)


   Skills:
 * Level 16.2 Fighting
 - Level 11.0(14.0) Short Blades
 - Level 14.0(15.4) Long Blades
 - Level 2.4 Axes
 + Level 2.2 Throwing
 * Level 13.2 Armour
 + Level 4.4 Dodging
 * Level 15.0 Stealth
 + Level 16.5 Shields
 * Level 18.3 Invocations
 * Level 13.0 Evocations


You had 20 spell levels left.
You didn't know any spells.
Your spell library contained the following spells:

 Spells                   Type           Power      Damage    Failure   Level
 Foxfire                  Conj/Fire      0%         2x1d4     100%        1
 Freeze                   Ice            0%         1d3       100%        1
 Sandblast                Erth           0%         2d4       100%        1
 Shock                    Conj/Air       0%         1d3       100%        1
 Blink                    Tloc           0%         N/A       100%        2
 Ensorcelled Hibernation  Hex/Ice        0%         N/A       100%        2
 Jinxbite                 Hex            0%         N/A       100%        2
 Lesser Beckoning         Tloc           0%         N/A       100%        2
 Momentum Strike          Conj/Tloc      0%         3d8       100%        2
 Passwall                 Tmut/Erth      0%         N/A       100%        2
 Poisonous Vapours        Pois/Air       0%         N/A       100%        2
 Frozen Ramparts          Ice            0%         1d1       100%        3
 Gell's Gravitas          Tloc           0%         N/A       100%        3
 Inner Flame              Hex/Fire       0%         N/A       100%        3
 Mephitic Cloud           Conj/Pois/Air  0%         N/A       100%        3
 Ozocubu's Armour         Ice            0%         N/A       100%        3
 Portal Projectile        Hex/Tloc       0%         N/A       100%        3
 Stone Arrow              Conj/Erth      0%         3d7       100%        3
 Swiftness                Air            0%         N/A       100%        3
 Teleport Other           Tloc           0%         N/A       100%        3
 Airstrike                Air            0%         2d(0-16)  100%        4
 Anguish                  Hex/Necr       0%         N/A       100%        4
 Dimensional Bullseye     Hex/Tloc       0%         N/A       100%        4
 Iskenderun's Mystic Bla  Conj/Tloc      0%         2d3       100%        4
 Petrify                  Tmut/Erth      0%         N/A       100%        4
 Freezing Cloud           Conj/Ice/Air   0%         6-21      100%        5
 Metabolic Englaciation   Hex/Ice        0%         N/A       100%        5
 Yara's Violent Unravell  Hex/Tmut       0%         3d3       100%        5
 Dispersal                Tloc           0%         N/A       100%        6
 Plasma Beam              Fire/Air       0%         2x1d10    100%        6
 Starburst                Conj/Fire      0%         6d3       100%        6
 Enfeeble                 Hex            0%         N/A       100%        7
 Ozocubu's Refrigeration  Ice            0%         4d7       100%        7
 Polar Vortex             Ice            0%         N/A       100%        9
 Tukima's Dance           Hex            Unusable   N/A       N/A         3
 Simulacrum               Ice/Necr       Unusable   N/A       N/A         6

Dungeon Overview and Level Annotations

Branches:
Dungeon (15/15)            Temple (1/1) D:5            Lair (5/5) D:10
  Swamp (4/4) Lair:2       Spider (4/4) Lair:2        Slime (0/5) Lair:5
    Orc (2/2) D:10            Elf (0/3) Orc:2        Vaults (5/5) D:14
  Crypt (0/3) Vaults:2     Depths (0/4) D:15

Altars:
Ashenzari
Cheibriados
Dithmenos
Fedhas
Gozag
Hepliaklqana
Kikubaaqudgha
Makhleb
Nemelex Xobeh
Okawaru
Qazlal
Ru
Sif Muna
Trog
Uskayaw
Vehumet
Wu Jian
Xom
Yredelemnul
Jiyva

Shops:
D:4 (   D:14 :   Orc:2 *[[[


Innate Abilities, Weirdness & Mutations

You have hooves in place of feet.
You are completely covered in rugged brown scales. (AC +3, +7% HP)
Your demonic aura causes all spilled blood to erupt in flames.
When hurt, damage is shared between your health and your magic reserves.
You regenerate magic rapidly.
Your presence sometimes corrodes those you injure.
You are weak. (Str -2)
You have hidden genetic potential.


Message History

You kick the stone giant, but do no damage.
The stone giant is lightly wounded.
You block the vault guard's attack.
You hear a shout! x2
You climb upwards.
Reactivating autopickup.
There is a stone staircase leading down, spattered with blood here.
Items here: )) [[ ÷.
You hit the war gargoyle. You burn the war gargoyle.
Your kick misses the war gargoyle.
You hit the war gargoyle but do no damage.
You kick the war gargoyle, but do no damage.
The war gargoyle is almost destroyed.
You block the war gargoyle's attack.
The floating eye gazes piercingly through you!
You suddenly lose the ability to move!
The war gargoyle launches metal splinters at you.
The spray of metal splinters hits you!! The stone giant hits you!!!
The floating eye is engulfed in blazing flames.
You kill the floating eye!
Okawaru accepts your kill.
The war gargoyle hits you but does no damage.
Your Stealth skill increases to level 15!
The stone giant hits you!!!
* * * LOW HITPOINT WARNING * * *
The war gargoyle is engulfed in blazing flames.
The war gargoyle hits you but does no damage.
The war gargoyle is engulfed in blazing flames.
The war gargoyle hits you with a +2 morningstar of protection!
* * * LOW HITPOINT WARNING * * *
The stone giant is engulfed in blazing flames.
The stone giant hits you!!
* * * LOW HITPOINT WARNING * * *
You can move again.
Blink to where?
Press: ? - help, Dir - move target
As you read the scroll of blinking, it crumbles to dust.
The stone giant is engulfed in blazing flames.
The stone giant throws a large rock.
The large rock hits you!!
You die...

#################################
.................................
.................................
.........................<.......
.................................
................@................
.................................
...###########'##########'####...
...#..............#.......####...
...#..............#...[.....##...
...#....§☼C.......'.........#####
...#....☼§9[......##..#'##..#####
...#....○○[.......##..#..#[.#..##
...#.....[........##..#..#..#..##


You could see a stone giant (strong) and a war gargoyle.

Vanquished Creatures
  2 dread liches
  An ancient lich (Vaults:2)
  Saint Roka (Vaults:4)
  Margery (Vaults:4)
  Jory (Vaults:4)
  Arachne (Spider:3)
  A bone dragon (Vaults:2)
  Mlioglotl (Swamp:2)
  A tentacled monstrosity (Swamp:2)
  Zenata (Vaults:3)
  5 liches (Abyss:3)
  A sphinx (Vaults:4)
  A tentacled starspawn (Abyss:3)
  Frances (Swamp:1)
  A tengu reaver (Vaults:4)
  3 thorn hunters
  Donald (D:14)
  Aizul (Vaults:1)
  A storm dragon (Vaults:3)
  4 emperor scorpions
  2 frost giants (Vaults:2)
  17 vault wardens
  A ghost moth (Spider:3)
  Louise (Swamp:4)
  4 orc warlords
  17 ironbound preservers
  5 ironbound thunderhulks
  A war gargoyle (Vaults:2)
  5 eleionomae
  A formless jellyfish (Vaults:4)
  A deep elf demonologist (Vaults:4)
  Nessos (Lair:4)
  Azrael (D:13)
  3 bunyips
  A spark wasp (Spider:4)
  6 dire elephants
  2 deep elf death magi
  An eidolon (Abyss:3)
  2 crystal guardians
  Snorg (D:11)
  2 entropy weavers
  Josephine (D:12)
  4 ettins
  10 yaktaur captains
  A deep elf high priest (Vaults:2)
  24 vault guards
  7 great orbs of eyes
  2 ice dragons
  A hydra (shapeshifter) (Vaults:2)
  3 rakshasas (D:15)
  4 ghost crabs
  4 ogre magi
  3 peacekeepers
  A jorogumo (Spider:4)
  22 hydras
  2 spriggan air magi (Swamp:2)
  9 boulder beetles
  2 radroaches (Spider:3)
  11 ironbound frosthearts
  2 catoblepae
  12 alligators
  20 two-headed ogres
  Erica (D:8)
  6 demonic crawlers
  A sphinx skeleton (Vaults:2)
  7 death yaks
  23 centaur warriors
  A tengu warrior (D:13)
  2 spriggan berserkers (Swamp:2)
  5 orc high priests
  6 thrashing horrors (Abyss:3)
  4 hell knights (Vaults:4)
  A shock serpent (shapeshifter) (Abyss:3)
  2 skysharks (Lair:4)
  A soul eater (Abyss:3)
  15 pharaoh ants
  3 skeletal warriors
  2 goliath frogs
  38 deep trolls
  A sixfirhy (Abyss:3)
  3 sun moths (Spider:4)
  Amaemon (D:7)
  10 orb spiders
  2 glowing orange brains
  9 swamp dragons
  A bog body (Swamp:4)
  4 wizards
  7 steelbarb worms
  9 spriggan druids
  4 necromancers
  5 harpies (Vaults:2)
  8 orc knights
  14 lindwurms
  A phantasmal warrior (Vaults:4)
  16 ugly things
  17 ironbound convokers
  8 orc sorcerers
  2 fire giant zombies
  12 elephants
  38 wolf spiders
  An oklob plant (Lair:3)
  6 will-o-the-wisps
  8 cyclopes
  2 manticores
  A worldbinder (Abyss:3)
  21 vault sentinels
  5 moths of wrath
  An apocalypse crab (Abyss:3)
  A rust devil (Abyss:3)
  Joseph (D:6)
  3 guardian serpents
  A yaktaur zombie (Vaults:4)
  A cane toad (shapeshifter) (Abyss:3)
  8 torpor snails
  A gargoyle (D:12)
  2 unseen horrors
  Jeremiah (D:7)
  15 cane toads
  A smoke demon (Abyss:3)
  9 black mambas
  An orange demon (D:7)
  2 human zombies
  3 rime drakes
  2 freezing wraiths
  4 komodo dragons
  36 yaktaurs
  3 kobold demonologists
  A tengu conjurer (D:9)
  2 efreet
  An ancient zyme (Abyss:3)
  A queen bee (D:11)
  12 polar bears
  3 meliai
  13 trolls
  4 tyrant leeches
  A raiju (Lair:4)
  19 hornets
  32 tarantellas
  A tarantella (shapeshifter) (Vaults:2)
  A blink frog (shapeshifter) (Abyss:3)
  4 dream sheep (Lair:4)
  5 blink frogs (Lair:5)
  28 slime creatures
  23 jumping spiders
  An elf simulacrum (Vaults:2)
  25 culicivoras
  41 yaks
  A fire bat (Abyss:3)
  13 wyverns
  A ynoxinul (Abyss:3)
  24 spriggans
  2 large abominations (Abyss:3)
  2 water elementals
  4 vampire mosquitoes (Swamp:2)
  9 chaos spawn (Abyss:3)
  A shadow (D:11)
  Grum (D:7)
  8 basilisks
  9 wraiths
  Eustachio (D:6)
  A basilisk (shapeshifter) (D:14)
  3 fire elementals (D:13)
  2 neqoxecs (Abyss:3)
  A steam dragon (D:6)
  57 redbacks
  A swamp worm (shapeshifter) (D:15)
  14 wargs
  12 swamp worms
  An acid dragon (D:13)
  22 water moccasins
  21 hell hounds
  A floating eye (shapeshifter) (Vaults:4)
  9 swamp drakes
  52 orc warriors
  15 black bears
  2 small abominations (Abyss:3)
  An ice beast (D:6)
  3 sky beasts
  A tengu (Abyss:3)
  17 ogres
  29 wolves
  12 centaurs
  A phantom (D:5)
  3 kobold brigands
  Blork the orc (D:6)
  A gnoll sergeant (D:6)
  13 bullfrogs
  2 scorpions (D:5)
  A glowing shapeshifter simulacrum (Vaults:2)
  3 wights
  30 killer bees
  2 human simulacra (Vaults:4)
  3 electric eels
  2 howler monkeys
  6 hounds
  A jelly (D:4)
  35 orc priests
  Crazy Yiuf (D:6)
  5 iguanas
  27 orc wizards
  4 hell rats (D:14)
  3 gnolls (D:6)
  5 adders
  2 shadow imps
  2 white imps
  An ufetubus (Abyss:3)
  3 worms
  A worm (shapeshifter) (Abyss:3)
  5 dart slugs
  147 orcs
  5 endoplasms
  9 giant cockroaches
  17 goblins
  10 hobgoblins
  8 jackals
  2 quokkas
  3 ball pythons
  7 bats
  3 frilled lizards (D:2)
  12 kobolds
  4 rats
1641 creatures vanquished.

Vanquished Creatures (others)
  A hydra (Swamp:4)
  2 bloated husks (Swamp:1)
  A tyrant leech (Swamp:1)
  A jumping spider (Spider:4)
  A redback (Spider:4)
  2 orc wizards
  A white imp (D:7)
  40 foxfires
  2 starspawn tentacles (Abyss:3)
51 creatures vanquished.

Grand Total: 1692 creatures vanquished

Notes
Turn   | Place    | Note
-------+----------+-------------------------------------------
     0 | D:1      | jlumianski the Demonspawn Fighter began the quest for the
                  | Orb.
     0 | D:1      | Reached XP level 1. HP: 18/18 MP: 1/1
   126 | D:1      | Gained mutation: You have large cloven feet. [demonic
                  | ancestry]
   126 | D:1      | Reached XP level 2. HP: 24/24 MP: 2/2
   267 | D:1      | Reached XP level 3. HP: 5/29 MP: 3/3
   731 | D:2      | Found a faded altar of an unknown god.
  1181 | D:4      | Gained mutation: You regenerate magic rapidly. [demonic
                  | ancestry]
  1181 | D:4      | Reached XP level 4. HP: 33/35 MP: 4/4
  1216 | D:3      | Reached skill level 1 in Long Blades
  1653 | D:4      | Identified the +0 scale mail "Hachoec" {-Cast rC+ rN++}
  1758 | D:5      | Entered Level 5 of the Dungeon
  1766 | D:4      | Gained mutation: You are partially covered in rugged brown
                  | scales. (AC +1, +3% HP) [demonic ancestry]
  1766 | D:4      | Reached XP level 5. HP: 30/42 MP: 5/5
  1879 | D:4      | Found Udator's Antique Weapon Shoppe.
  2598 | D:4      | Found a hide-covered altar of Uskayaw.
  2599 | D:4      | Found a sparkling altar of Nemelex Xobeh.
  2599 | D:4      | Found a broken altar of Ashenzari.
  2605 | D:4      | Found an ancient bone altar of Kikubaaqudgha.
  2679 | D:3      | Reached skill level 1 in Dodging
  2679 | D:3      | Reached XP level 6. HP: 49/49 MP: 6/6
  3154 | D:5      | Reached XP level 7. HP: 51/54 MP: 7/7
  3205 | D:5      | Reached skill level 5 in Long Blades
  3560 | D:5      | Found a staircase to the Ecumenical Temple.
  3573 | Temple   | Entered the Ecumenical Temple
  3653 | Temple   | Became a worshipper of Warmaster Okawaru
  3698 | D:5      | Gained mutation: You have hoof-like feet. [demonic
                  | ancestry]
  3698 | D:5      | Reached XP level 8. HP: 60/62 MP: 8/8
  4266 | D:7      | Noticed Joseph
  4428 | D:6      | Reached * piety under Okawaru
  4429 | D:6      | Reached skill level 1 in Invocations
  4505 | D:7      | Noticed Jeremiah
  4528 | D:6      | Reached skill level 1 in Stealth
  4644 | D:6      | Found a runed translucent door.
  4645 | D:6      | Noticed Crazy Yiuf
  4698 | D:6      | Noticed Blork the orc
  4711 | D:6      | Noticed Eustachio
  4738 | D:6      | Killed Eustachio
  4739 | D:6      | Reached skill level 2 in Invocations
  4940 | D:6      | Killed Blork the orc
  4940 | D:6      | Reached ** piety under Okawaru
  5216 | D:6      | Killed Crazy Yiuf
  5217 | D:6      | Reached XP level 9. HP: 67/67 MP: 10/10
  5662 | D:6      | HP: 1/67 [steam dragon/ball of steam (14)]
  5861 | D:6      | Reached skill level 3 in Invocations
  6136 | D:6      | Killed Joseph
  6268 | D:7      | Killed Jeremiah
  6278 | D:7      | Reached skill level 5 in Armour
  6396 | D:8      | Reached skill level 5 in Fighting
  6492 | D:7      | Reached skill level 4 in Invocations
  6608 | D:8      | Noticed Grum
  6721 | D:7      | Reached *** piety under Okawaru
  6892 | D:7      | Gained mutation: Your demonic aura sometimes causes spilled
                  | blood to erupt in flames. [demonic ancestry]
  6892 | D:7      | Reached XP level 10. HP: 63/76 MP: 13/13
  6899 | D:7      | Killed Grum
  7047 | D:8      | Reached skill level 5 in Shields
  7259 | D:8      | Noticed Amaemon
  7259 | D:8      | Noticed an orange demon
  7287 | D:7      | Killed an orange demon
  7366 | D:7      | Killed Amaemon
  7666 | D:10     | Entered Level 10 of the Dungeon
  7718 | D:11     | Noticed a boulder beetle
  7723 | D:11     | Noticed a two-headed ogre
  7811 | D:8      | Reached skill level 5 in Invocations
  7818 | D:8      | HP: 3/76 [poisoned by an orc wizard]
  7962 | D:8      | Noticed Erica
  7968 | D:8      | Killed Erica
  7968 | D:8      | Reached **** piety under Okawaru
  8115 | D:9      | Noticed a sixfirhy
  8115 | D:9      | Received a gift from Okawaru
  8116 | D:9      | Reached skill level 10 in Long Blades
  8285 | D:9      | Found a transporter.
  8289 | D:9      | Found a transporter.
  8363 | D:9      | Noticed a two-headed ogre
  8372 | D:9      | Killed a two-headed ogre
  8373 | D:9      | Reached skill level 6 in Invocations
  8568 | D:9      | Reached XP level 11. HP: 83/83 MP: 15/15
  8826 | D:9      | Noticed a two-headed ogre
  8833 | D:9      | Killed a two-headed ogre
  8833 | D:9      | Reached ***** piety under Okawaru
  9004 | D:9      | Noticed a two-headed ogre
  9018 | D:9      | Killed a two-headed ogre
  9019 | D:9      | Reached skill level 1 in Throwing
  9019 | D:9      | Reached skill level 5 in Stealth
  9112 | D:9      | Noticed a two-headed ogre
  9132 | D:9      | Killed a two-headed ogre
  9194 | D:9      | Identified a scroll of acquirement
  9194 | D:9      | Acquired the scarf of the Kodama {repulsion, rC+ Will+
                  | Int-4}
  9850 | D:10     | Found a staircase to the Lair.
 10002 | D:10     | Reached skill level 7 in Invocations
 10124 | D:10     | Noticed a two-headed ogre
 10146 | D:10     | Killed a two-headed ogre
 10560 | D:10     | Identified the +6 plate armour of Greater Demons {+Blink}
                  | (Okawaru gifted it to you on level 10 of the Dungeon)
 10560 | D:10     | Received a gift from Okawaru
 10789 | D:10     | Found a staircase to the Orcish Mines.
 11043 | D:10     | Killed a two-headed ogre
 11146 | D:10     | Killed a boulder beetle
 11147 | D:10     | Reached skill level 1 in Evocations
 11355 | D:11     | Gained mutation: Your demonic aura often causes spilled
                  | blood to erupt in flames. [demonic ancestry]
 11355 | D:11     | Reached XP level 12. HP: 86/91 MP: 17/17
 11482 | D:10     | Upgraded the game from 0.31-a0-691-g409c26aa35 to
                  | 0.31-a0-700-gf13585253f
 11696 | D:11     | Noticed a boulder beetle
 11716 | D:11     | Killed a boulder beetle
 12062 | D:11     | Reached ****** piety under Okawaru
 12257 | D:11     | Identified the +1 spear of Ancient Evil {freeze, Fly Int+3
                  | Dex+2}
 12363 | D:12     | Reached skill level 8 in Invocations
 12418 | D:12     | Noticed a boulder beetle
 12441 | D:12     | Killed a boulder beetle
 12462 | D:12     | HP: 3/91 [slime creature (12)]
 12478 | D:12     | Noticed an ice dragon
 12486 | D:12     | Noticed a two-headed ogre
 12495 | D:12     | Killed a two-headed ogre
 12495 | D:12     | Received a gift from Okawaru
 12968 | D:12     | Found a frozen archway.
 12979 | D:12     | Killed an ice dragon
 13165 | Lair:1   | Entered Level 1 of the Lair of Beasts
 13217 | Orc:1    | Entered Level 1 of the Orcish Mines
 13217 | Orc:1    | Noticed an orc high priest
 13446 | Lair:1   | Identified the scarf of Untruth {rC+ rF+, rN+ Dex+4 Stlth+}
                  | (Okawaru gifted it to you on level 1 of the Lair of Beasts)
 13446 | Lair:1   | Received a gift from Okawaru
 13477 | Lair:1   | Gained mutation: You are mostly covered in rugged brown
                  | scales. (AC +2, +5% HP) [demonic ancestry]
 13477 | Lair:1   | Reached XP level 13. HP: 69/100 MP: 19/19
 13681 | Lair:1   | Reached skill level 9 in Invocations
 13765 | Lair:2   | Noticed an eleionoma
 13791 | Lair:1   | Killed an eleionoma
 14600 | Lair:2   | Found a hole to the Spider Nest.
 14613 | Lair:2   | You fall into a shaft and drop 1 floor!
 15085 | Lair:2   | Found a staircase to the Swamp.
 15728 | Lair:3   | Found a blossoming altar of Fedhas.
 16364 | Lair:3   | Identified the +2 helmet of Theory {Str+3} (Okawaru gifted
                  | it to you on level 3 of the Lair of Beasts)
 16364 | Lair:3   | Received a gift from Okawaru
 16846 | Lair:5   | Entered Level 5 of the Lair of Beasts
 16846 | Lair:5   | Found a viscous altar of Jiyva.
 16846 | Lair:5   | Found a staircase to the Slime Pits.
 17046 | Lair:4   | Reached skill level 10 in Invocations
 17046 | Lair:4   | Reached skill level 5 in Evocations
 17140 | Lair:4   | Found a burning altar of Makhleb.
 17456 | Lair:4   | Noticed Nessos
 17467 | Lair:4   | Killed Nessos
 17950 | Lair:5   | Gained mutation: You have hooves in place of feet. [demonic
                  | ancestry]
 17950 | Lair:5   | Reached XP level 14. HP: 111/111 MP: 21/21
 18792 | Lair:4   | Identified the +0 falchion of Zaopan {pain, Will+} (Okawaru
                  | gifted it to you on level 4 of the Lair of Beasts)
 18792 | Lair:4   | Received a gift from Okawaru
 18793 | Lair:4   | Reached skill level 11 in Invocations
 20223 | Lair:5   | Identified the +0 helmet of Debubut {rElec rC- Regen+}
                  | (Okawaru gifted it to you on level 5 of the Lair of Beasts)
 20223 | Lair:5   | Received a gift from Okawaru
 20433 | Lair:5   | Identified the +3 pair of gloves of Isyloor {Contam Will+++
                  | MP+9 Str-2}
 20900 | D:10     | Reached skill level 10 in Shields
 21078 | Orc:2    | Entered Level 2 of the Orcish Mines
 21556 | Orc:2    | Reached skill level 12 in Invocations
 21675 | Orc:2    | Reached XP level 15. HP: 119/119 MP: 24/24
 21828 | Orc:2    | Found a staircase to the Elven Halls.
 22268 | Orc:2    | Found Nuel's General Store.
 22300 | Orc:2    | Found Doafait's Armour Shoppe.
 22310 | Orc:2    | Identified the +1 hand cannon "Zodufoj" {flame, rN+ Str+4}
                  | (Okawaru gifted it to you on level 2 of the Orcish Mines)
 22310 | Orc:2    | Received a gift from Okawaru
 22594 | Orc:2    | Reached skill level 10 in Fighting
 22665 | Orc:2    | Found Plog's Armour Shoppe.
 22844 | Orc:2    | Found Syic Jass's Armour Boutique.
 23710 | D:11     | Noticed Snorg
 23715 | D:11     | Killed Snorg
 24107 | D:12     | Noticed Josephine
 24112 | D:12     | Identified the +1 chain mail of Xanecisk {rC+} (Okawaru
                  | gifted it to you on level 12 of the Dungeon)
 24112 | D:12     | Received a gift from Okawaru
 24119 | D:12     | Killed Josephine
 24337 | D:12     | You fall into a shaft and drop 3 floors!
 24337 | D:15     | Entered Level 15 of the Dungeon
 24466 | D:12     | Reached skill level 10 in Stealth
 24764 | D:14     | Found a portal to a secret trove of treasure.
 24812 | D:13     | Reached skill level 13 in Invocations
 24826 | D:13     | Noticed Azrael
 24842 | D:13     | Killed Azrael
 25747 | D:14     | Found a gate to the Vaults.
 25867 | D:14     | Upgraded the game from 0.31-a0-700-gf13585253f to
                  | 0.31-a0-703-gcfe89afef6
 26115 | D:14     | Found a bloodstained altar of Trog.
 26196 | D:14     | Found a broken altar of Ashenzari.
 26356 | D:15     | Got the Folio of Cryomancy
 26380 | D:14     | Found Hywkesh's Book Emporium.
 26475 | D:15     | Found an iron altar of Okawaru.
 26517 | D:15     | Identified the +0 ring mail "Mischyqe" {Rampage +Inv Int+2
                  | Dex+5} (Okawaru gifted it to you on level 15 of the
                  | Dungeon)
 26517 | D:15     | Received a gift from Okawaru
 26521 | D:15     | Gained mutation: Your demonic aura causes all spilled blood
                  | to erupt in flames. [demonic ancestry]
 26521 | D:15     | Reached XP level 16. HP: 130/130 MP: 26/26
 27393 | D:15     | Found a staircase to the Depths.
 27810 | Trove    | Entered a treasure trove
 27812 | Trove    | Found the +0 pair of fencer's gloves {Riposte Dex+3}
 27816 | Trove    | Identified the +0 hat "Miroiwam" {rElec Str+3}
 27819 | Trove    | Identified the +0 crystal plate armour "Nofis" {rPois
                  | Dex+4}
 27825 | Trove    | Identified the +15 plate armour of the Flute {MP-9 Dex+8
                  | Stlth+}
 27826 | Trove    | Identified the +0 hat of Weirdness {rPois rN+ Int+3 Dex+3}
 27828 | Trove    | Identified the +0 hat of the Hills {rF- rN++ rCorr Int+2}
 27834 | Trove    | Identified the +1 pair of gloves "Xuholes" {Str+3 Dex+5}
 27843 | Trove    | Identified the scarf of Farfalle {+Inv, Dex+3 Stlth-}
 28183 | Spider:1 | Entered Level 1 of the Spider Nest
 29031 | Lair:2   | Reached skill level 14 in Invocations
 29233 | Spider:2 | Reached skill level 10 in Armour
 29733 | Spider:4 | Entered Level 4 of the Spider Nest
 30055 | Spider:2 | Gained mutation: You are completely covered in rugged brown
                  | scales. (AC +3, +7% HP) [demonic ancestry]
 30055 | Spider:2 | Reached XP level 17. HP: 135/144 MP: 18/27
 30604 | Spider:3 | Noticed Arachne
 30633 | Spider:3 | Killed Arachne
 31301 | Spider:3 | Received a gift from Okawaru
 32443 | Spider:4 | Received a gift from Okawaru
 32641 | Spider:4 | Reached skill level 15 in Invocations
 32995 | Spider:4 | Got a gossamer rune of Zot
 33000 | Spider:4 | Identified the +2 pair of boots of Unambiguity {rElec rPois
                  | Slay+3}
 33283 | Swamp:1  | Entered Level 1 of the Swamp
 33600 | Swamp:1  | Identified the +2 scale mail "Zuadoza" {Drain rElec SInv}
                  | (Okawaru gifted it to you on level 1 of the Swamp)
 33600 | Swamp:1  | Received a gift from Okawaru
 33602 | Swamp:1  | Noticed Frances
 33616 | Swamp:1  | Killed Frances
 34220 | Swamp:2  | Reached skill level 10 in Evocations
 34499 | Swamp:2  | Gained mutation: When hurt, damage is shared between your
                  | health and your magic reserves. [demonic ancestry]
 34499 | Swamp:2  | Reached XP level 18. HP: 155/155 MP: 20/29
 34523 | Swamp:2  | Noticed a tentacled monstrosity
 34536 | Swamp:2  | Killed a tentacled monstrosity
 35054 | Swamp:2  | Noticed Mlioglotl
 35075 | Swamp:2  | Killed Mlioglotl
 36119 | Swamp:4  | Entered Level 4 of the Swamp
 36120 | Swamp:4  | Identified the +4 quick blade of Okawaru {flame, rC+}
                  | (Okawaru gifted it to you on level 4 of the Swamp)
 36120 | Swamp:4  | Received a gift from Okawaru
 36456 | Swamp:4  | Noticed Louise
 36556 | Swamp:4  | Killed Louise
 36567 | Swamp:4  | Reached skill level 1 in Short Blades
 36622 | Swamp:4  | Gained mutation: You occasionally lose the ability to drink
                  | potions when taking damage. [mutagenic glow]
 36628 | Swamp:4  | Reached skill level 16 in Invocations
 37516 | Swamp:3  | Received a gift from Okawaru
 37516 | Swamp:3  | Found the +7 Spriggan's Knife {stab, EV+4 Stlth+}
 37611 | Swamp:4  | Got a decaying rune of Zot
 38036 | Vaults:1 | Entered Level 1 of the Vaults
 38310 | Vaults:2 | Reached skill level 5 in Short Blades
 38376 | Vaults:2 | Gained mutation: Your presence sometimes corrodes those you
                  | injure. [demonic ancestry]
 38376 | Vaults:2 | Reached XP level 19. HP: 105/163 MP: 13/31
 38620 | Vaults:2 | Noticed a bone dragon
 38623 | Vaults:2 | Found a staircase to the Crypt.
 38644 | Vaults:2 | Killed a bone dragon
 38688 | Vaults:2 | Received a gift from Okawaru
 38725 | Abyss:3  | Cast into level 3 of the Abyss (a wizard)
 38836 | Abyss:3  | Noticed a dread lich
 38864 | Abyss:3  | Killed a dread lich
 38941 | Abyss:3  | Reached skill level 15 in Shields
 38960 | Abyss:3  | Paralysed by you for 4 turns
 39033 | Abyss:3  | Received a gift from Okawaru
 39052 | Abyss:3  | Reached skill level 15 in Fighting
 39074 | Abyss:3  | Gained mutation: You are frail. (-10% HP) [a neqoxec]
 39093 | Abyss:3  | Got an abyssal rune of Zot
 39105 | Vaults:2 | Escaped the Abyss
 39120 | Vaults:2 | Noticed an ancient lich
 39146 | Vaults:2 | Killed an ancient lich
 39192 | Vaults:2 | Reached skill level 17 in Invocations
 39521 | Vaults:1 | Noticed Aizul
 39528 | Vaults:1 | Killed Aizul
 39823 | D:10     | Lost mutation: You are frail. (-10% HP) [potion of
                  | mutation]
 39823 | D:10     | Lost mutation: You occasionally lose the ability to drink
                  | potions when taking damage. [potion of mutation]
 39823 | D:10     | Gained mutation: You have hidden genetic potential. [potion
                  | of mutation]
 39823 | D:10     | Gained mutation: You are weak. (Str -2) [potion of
                  | mutation]
 40030 | Vaults:1 | Reached XP level 20. HP: 173/173 MP: 23/32
 40047 | Vaults:1 | Noticed Donald
 40101 | D:14     | Killed Donald
 40287 | Vaults:1 | Identified the +4 quick blade "Addok" {heavy, Int+5 Dex+3}
                  | (Okawaru gifted it to you on level 1 of the Vaults)
 40287 | Vaults:1 | Received a gift from Okawaru
 41934 | Vaults:2 | Found the +5 glaive of the Guard {elec, spectral, AC+5}
 42165 | Vaults:3 | Reached skill level 10 in Short Blades
 42307 | Vaults:3 | You fall into a shaft and drop 1 floor!
 42409 | Vaults:4 | Received a gift from Okawaru
 42486 | Vaults:4 | Noticed Margery
 42498 | Vaults:4 | Killed Margery
 42605 | Vaults:4 | Identified the +8 battleaxe of Ronuzoas {freeze, Fly}
 42607 | Vaults:4 | Paralysed by a sphinx for 3 turns
 42618 | Vaults:4 | Noticed Saint Roka
 42640 | Vaults:4 | Killed Saint Roka
 42777 | Vaults:3 | Received a gift from Okawaru
 42794 | Vaults:3 | Noticed Zenata
 42811 | Vaults:3 | Killed Zenata
 43505 | Vaults:3 | Identified the +5 quarterstaff "Qim Saku" {drain, rElec rN+
                  | Int+3} (Okawaru gifted it to you on level 3 of the Vaults)
 43505 | Vaults:3 | Received a gift from Okawaru
 43710 | Vaults:3 | Reached XP level 21. HP: 181/181 MP: 24/33
 43816 | Vaults:4 | Reached skill level 18 in Invocations
 43836 | Vaults:4 | Noticed Jory
 43857 | Vaults:4 | Killed Jory
 45534 | Vaults:5 | Entered Level 5 of the Vaults
 45534 | Vaults:5 | Noticed a dread lich
 45580 | Vaults:4 | Received a gift from Okawaru
 45580 | Vaults:4 | Found the +7 Kryia's mail coat {PotionHeal*2 rC+}
 45666 | Vaults:4 | Killed a dread lich
 45847 | Vaults:5 | Noticed a golden dragon
 45851 | Vaults:4 | Paralysed by a floating eye for 3 turns
 45853 | Vaults:4 | Reached skill level 15 in Stealth
 45854 | Vaults:4 | HP: 9/182 [stone giant (23)]
 45855 | Vaults:4 | Hit by a large rock thrown by a stone giant

Illustrated notes

Levels and vault maps discovered:
D:1:      onia_arrival_mini_spirals, layout_loops_ring, minmay_crystal_room
D:2:      layout_rooms, shapermc_ecumenical_altar_petra
D:3:      layout_loops_corners, minmay_goblin_outpost
D:4:      layout_rooms, minitemple, serial_shops, shop
D:5:      layout_loops_ring, minmay_temple_entry_grid, kennysheep_generic_room_8
D:6:      layout_basic, uniq_crazy_yiuf_cottage, uniq_blork_the_orc,
          uniq_eustachio
D:7:      layout_cave_pools, uniq_jeremiah, uniq_joseph
D:8:      layout_basic, uniq_grum, uniq_erica, uniq_amaemon
D:9:      gammafunk_beogh_shrine, layout_basic, wad_mini_maze
D:10:     layout_roguey, lair_entry_dummy, david_orc_5
D:11:     layout_loops_cross, special_room [special_room_bee], uniq_snorg
D:12:     layout_stronghold, portal_ice_cave_entry_animals_and_master,
          uniq_josephine
D:13:     layout_irregular_city, serial_bayou, serial_bayou_lagoon_a,
          serial_bayou_ford_a, serial_bayou_shore_a, serial_bayou_pond_a,
          uniq_azrael
D:14:     wad_woods_stonehenge, layout_rooms, david_vaults_1,
          nicolae_trove_entry_isolated, serial_shops, nicolae_shop_behind_doors,
          ashenzari_conservatory_becter
D:15:     gammafunk_enter_depths_forms, layout_irregular_city,
          hellmonk_okawaru_the_only_friend_you_need,
          nrook_guardian_serpent_double
Temple:   compressed_dpeg_circular_temple
Lair:1:   layout_misc_corridors, beast_lair_carwin_4, grunt_megastairs_5
Lair:2:   layout_roguey, alex1729_swamp_entry_worm_eleionoma,
          dummy_spider_entry, grunt_megastairs_4, infiniplex_staircase_pool,
          lemuel_fruit_tree
Lair:3:   layout_regular_city, tgw_fedhas
Lair:4:   layout_gridlike, basic_altar, uniq_nessos
Lair:5:   hangedman_lair_caniforms_friends, layout_regular_city,
          hangedman_lair_tendril_chambers, slime_entry_1, serial_bayou_shore_b
Swamp:1:  layout_basic_swamp, evilmike_swamp_ruin_house_4, swamp_pool3,
          infiniplex_staircase_pool_2, uniq_frances
Swamp:2:  nicolae_swamp_secret_spriggan_hideout, layout_basic_swamp,
          nicolae_swamp_little_tower, uniq_mlioglotl
Swamp:3:  layout_falls_marsh, nicolae_swamp_trees_clearing, swamp_pool4
Swamp:4:  swamp, layout_basic_swamp, uniq_louise
Spider:1: layout_spider_delve
Spider:2: layout_spider_delve
Spider:3: layout_chambers, nicolae_arachne_temple
Spider:4: grunt_spider_rune_island
Orc:1:    layout_diamond_mine
Orc:2:    pubby_orc_utopia
Vaults:1: v_pattern_3, nicolae_vaults_circle_grid_a,
          nicolae_vaults_trapezoid_lopsided_1, grunt_vaults_funnel,
          nicolae_vaults_two_Ls, v_misc_13, grunt_vaults_bifocal, v_misc_14,
          dpeg_vaults_monster_box, grunt_vaults_hallway_short,
          ontoclasm_vaults_ring_small, v_misc_22, v_rooms_6,
          nicolae_vaults_variable_pillar_hall,
          nicolae_vaults_windows_and_doors_thing,
          nicolae_vaults_closet_pinwheel_4, layout_vaults_omnicross,
          uniq_donald, uniq_aizul
Vaults:2: mu_enter_wizlab_4, minmay_crypt_entry_nasty_monster,
          minmay_guarded_unrand_guard_vaults, nicolae_vaults_closet_pinwheel_5,
          nicolae_vaults_tetromino_L_2, nicolae_vaults_network_s,
          nicolae_vaults_six-pack, v_rooms_3, nicolae_vaults_cochlea,
          hangedman_vaults_restitches, nicolae_vaults_frosty_reception,
          v_misc_24, layout_vaults_omnibox
Vaults:3: nicolae_vaults_house_3, nicolae_vaults_storage_closets_2,
          nicolae_vaults_little_squares_2, nicolae_vaults_tetromino_Z_2,
          nicolae_vaults_turnstiles, vaults_room_door_hall,
          nicolae_vaults_door_testing_chamber, layout_vaults_quadrants,
          uniq_zenata
Vaults:4: v_misc_27, grunt_vaults_twisty, ontoclasm_vaults_eye,
          hangedman_vaults_snaps, ontoclasm_vaults_twist,
          hangedman_vaults_locks, v_alt_pattern_2, st_lattice,
          ontoclasm_vaults_ring_square, ontoclasm_vaults_ring_small,
          nicolae_vaults_trapezoid_lopsided_3, layout_vaults_chaotic_city,
          uniq_margery, uniq_saint_roka, uniq_jory
Vaults:5: serial_shops

Skill      XL: |  1  2  3  4  5  6  7  8  9 10 11 12 13 14 15 16 17 18 19 20 21 |
---------------+----------------------------------------------------------------+-----
Axes           | 2 |  2.4
Shields        | 3 4 6 7 8 10 11 12 13 14 15 16 | 16.5
Armour         | 3 4 5 6 7 8 9 10 11 12 13 | 13.2
Long Blades    | 2 3 4 6 7 9 10 11 13 14 | 14.0
Dodging        | 1 2 3 4 |  4.4
Fighting       | 4 5 6 7 8 9 10 12 13 14 15 16 | 16.2
Invocations    | 2 4 6 7 8 10 12 13 14 15 16 17 18 | 18.3
Stealth        | 1 3 4 6 7 8 9 10 11 12 13 14 15 | 15.0
Throwing       | 1 2 |  2.2
Evocations     | 1 3 5 6 7 9 10 11 12 13 | 13.0
Short Blades   | 5 8 11 | 11.0

Action                     |  1- 3 |  4- 6 |  7- 9 | 10-12 | 13-15 | 16-18 | 19-21 || total
---------------------------+-------+-------+-------+-------+-------+-------+-------++-------
  Melee: War axe           |    80 |       |       |       |       |       |       ||    80
         Kick              |    14 |    22 |    84 |    52 |   480 |   926 |  1754 ||  3332
         Long sword        |    51 |   146 |   310 |    90 |       |       |       ||   597
         Scimitar          |       |       |       |   728 |  1581 |   905 |       ||  3214
         Quick blade       |       |       |       |       |       |   425 |  2351 ||  2776
         Knife             |       |       |       |       |       |    46 |       ||    46
  Throw: Stone             |       |       |     9 |       |       |       |       ||     9
         Boomerang         |       |       |     3 |       |       |    18 |       ||    21
         Dart              |       |       |     2 |    15 |     4 |       |       ||    21
 Invoke: Heroism           |       |       |     1 |     7 |     6 |     4 |    10 ||    28
         Finesse           |       |       |       |     1 |     3 |     2 |     8 ||    14
  Evoke: Wand              |       |       |       |     8 |     3 |     4 |     1 ||    16
         Lightning rod     |       |       |       |       |       |     2 |     4 ||     6
    Use: Potion            |     1 |       |     6 |    10 |     2 |     2 |     5 ||    26
         Scroll            |       |     5 |    11 |    11 |     6 |     7 |     2 ||    42
   Stab: Paralysed         |       |       |       |     3 |       |       |       ||     3
         Sleeping          |       |       |       |       |     3 |    16 |    24 ||    43
         Distracted        |       |       |       |       |       |     6 |     5 ||    11
         Petrifying        |       |       |       |       |       |       |     5 ||     5
 Armour: Scale mail        |   138 |   126 |    19 |       |       |       |       ||   283
         Chain mail        |       |       |    28 |       |       |       |       ||    28
         Plate armour      |       |       |   251 |   689 |  1349 |   976 |   546 ||  3811
         Skin              |       |       |    61 |       |       |       |       ||    61
  Dodge: Dodged            |    72 |    81 |    95 |   291 |   441 |   334 |   286 ||  1600
         Repelled          |       |       |       |     1 |       |       |       ||     1
  Block: Buckler           |    37 |    29 |    66 |       |       |       |       ||   132
         Kite shield       |       |       |    69 |   593 |  1370 |    89 |       ||  2121
         Tower shield      |       |       |       |       |       |  1499 |  1183 ||  2682
Riposte: Scimitar          |       |       |       |       |       |   380 |       ||   380
         Quick blade       |       |       |       |       |       |    72 |   404 ||   476
         Knife             |       |       |       |       |       |    13 |       ||    13

Table legend: (Time is in decaauts)
 A = Elapsed time spent in this place.
 B = Non-inter-level travel time spent in this place.
 C = Inter-level travel time spent in this place.
 D = Time resting spent in this place.
 E = Time spent auto-exploring this place.
 F = Levels seen in this place.
 G = Mean time per level.
                   A        B        C        D        E       F      G
               +--------+--------+--------+--------+--------+-----+--------+
         Total |  45480 |  42276 |   3204 |   5136 |  17851 |  38 | 1196.8 |
       Dungeon |  18953 |  17144 |   1809 |   2625 |   6989 |  15 | 1263.5 |
        Temple |    112 |    112 |      0 |      0 |      0 |   1 |  112.0 |
          Lair |   8254 |   7718 |    536 |    922 |   3609 |   5 | 1650.8 |
         Swamp |   4451 |   4192 |    259 |    892 |   1406 |   4 | 1112.8 |
   Spider Nest |   4645 |   4456 |    189 |    323 |   1701 |   4 | 1161.2 |
  Orcish Mines |   2532 |   2505 |     27 |     94 |    927 |   2 | 1266.0 |
        Vaults |   6146 |   5765 |    381 |    280 |   3218 |   5 | 1229.2 |
         Abyss |    341 |    341 |      0 |      0 |      0 |   1 |  341.0 |
         Trove |     41 |     41 |      0 |      0 |      0 |   1 |   41.0 |
               +--------+--------+--------+--------+--------+-----+--------+

Top non-repeatable levels by time:
    D:10: 2145 daAuts
   Orc:2: 2043 daAuts
     D:6: 2021 daAuts
  Lair:5: 1996 daAuts
Vaults:4: 1810 daAuts
    D:12: 1750 daAuts
    D:11: 1702 daAuts
  Lair:4: 1701 daAuts
  Lair:2: 1695 daAuts
     D:9: 1687 daAuts
Vaults:1: 1617 daAuts
Spider:3: 1612 daAuts
  Lair:3: 1564 daAuts
 Swamp:2: 1500 daAuts
Vaults:2: 1498 daAuts
